 Dungeon Crawl Stone Soup version 0.22.1-1-ga44c0e56f4 (webtiles) character file.

320 Gargoyl the Chopper (level 6, 0/51 HPs)
             Began as a Centaur Abyssal Knight on Oct 3, 2018.
             Was a Believer of Lugonu.
             Succumbed to a kobold's poison
             ... on level 3 of the Dungeon.
             The game lasted 00:05:16 (2989 turns).

Gargoyl the Chopper (Centaur Abyssal Knight)        Turns: 2989, Time: 00:05:16

Health: 0/51       AC: 11    Str: 13    XL:     6   Next: 22%
Magic:  8/8        EV:  4    Int: 11    God:    Lugonu [**....]
Gold:   128        SH:  0    Dex: 10    Spells: 5/5 levels left

rFire    . . .     SeeInvis .   a - +3 hand axe
rCold    . . .     Gourm    .   (no shield)
rNeg     . . .     Faith    .   e - +0 chain mail
rPois    .         Spirit   .   (no helmet)
rElec    .         Reflect  .   (no cloak)
rCorr    .         Harm     .   f - +0 pair of gloves
MR       .....                  (no barding)
Stlth    ..........             (no amulet)
HPRegen  0.17/turn              (no ring)
MPRegen  0.11/turn              (no ring)

@: lethally poisoned (0 -> -24), very quick
A: large, hooves 3, iridescent scales 1, deformed body, speed 2, mutation
resistance 2, tough skin 3, weak 1
a: Depart the Abyss, Bend Space, Renounce Religion


You were on level 3 of the Dungeon.
You worshipped Lugonu.
Lugonu was pleased with you.
You were not hungry.

You visited 1 branch of the dungeon, and saw 3 of its levels.
You visited the Abyss 1 time.

You collected 128 gold pieces.

Inventory:

Hand Weapons
 a - a +3 hand axe (weapon)
Armour
 e - a +0 chain mail (worn)
 f - a +0 pair of gloves (worn)
Scrolls
 b - a scroll of remove curse {unknown}
 g - a scroll of amnesia {unknown}
 j - 2 scrolls of identify {unknown}
 l - 2 scrolls of teleportation {unknown}
Comestibles
 c - 6 rations


   Skills:
 + Level 3.5 Fighting
 + Level 3.7 Axes
 * Level 3.1 Armour
 + Level 1.1 Dodging
 * Level 3.4 Invocations


You had 5 spell levels left.
You didn't know any spells.
Your spell library was empty.

Dungeon Overview and Level Annotations

Branches:
Dungeon (3/15)

Altars:
Kikubaaqudgha
Ru
Uskayaw


Innate Abilities, Weirdness & Mutations

You have hooves in place of feet.
Armour fits poorly on your strangely shaped body.
You cover ground very quickly.
You have extremely tough skin. (AC +3)
You are partially covered in iridescent scales. (AC +2)
You are somewhat resistant to both further mutation and mutation removal.
You are weak. (Str -2)


Message History

You climb downwards.
* * * LOW HITPOINT WARNING * * *
You feel very sick.
There is a stone staircase leading up here.
* * * LOW HITPOINT WARNING * * *
You feel sick.
* * * LOW HITPOINT WARNING * * *
You feel sick.
The kobold shoots a poisoned needle.
The poisoned needle hits you.
You are more poisoned.
You see here a poisoned needle.
* * * LOW HITPOINT WARNING * * *
You feel sick.
* * * LOW HITPOINT WARNING * * *
You feel sick.
The kobold shoots a poisoned needle.
The poisoned needle hits you.
You are more poisoned.
Items here: ( )) [ ††
Okay, then.
You die...

#.#.⌠.⌠[#.##.... #.##...# #####
.⌠.#...#.⌠.#....####.#..### #
#.#.#.#.#.##........$#.## #
.#.⌠.#.⌠.#.#.........#'###### #
#.#.#(#.#.##.....(...(.......#
.⌠.#.⌠.#.⌠.#........(........#
#.#.#.#.#.##....#(...........####
##.⌠.#.⌠.###...K#)#.#.#.#######..
#.#.#.#.#.##...(@($......# #.#
#..#.⌠.#..#######.#.#.#.## #.#
#.#.#.#.#.# #.(.......# #.#
##.⌠.#.⌠.## ##.#.#.#.#######..
##.....## #<.............#..
##'''## ##.#.#.#.#.....#.. #...#
.......(......#.. #†###
#.#.#.#.#.....#..
#.##############....<......##.


You could see a kobold.

Vanquished Creatures
  2 vampire bats (D:3)
  3 orc priests (D:3)
  Terence (D:3)
  2 adders
  An ooze (D:2)
  4 worms
  2 dart slugs (D:2)
  A leopard gecko (D:3)
  10 orcs (D:3)
  4 bats
  3 bat skeletons (D:3)
  3 bat zombies (D:3)
  8 giant cockroaches
  3 goblins
  7 hobgoblins
  10 jackals
  8 kobolds
  2 frilled lizards (D:1)
  4 rats
78 creatures vanquished.

Notes
Turn   | Place    | Note
-------+----------+-------------------------------------------
     0 | Abyss:1  | Gargoyl the Centaur Abyssal Knight began the quest for the
                  | Orb.
     0 | Abyss:1  | Reached XP level 1. HP: 19/19 MP: 2/2
    30 | Abyss:1  | Noticed a neqoxec
    36 | Abyss:1  | Gained mutation: You tend to lose your temper in combat. [a
                  | neqoxec]
    50 | Abyss:2  | Noticed a smoke demon
    76 | Abyss:2  | Got a crystal mace
    77 | Abyss:2  | Identified the +5 mace "Athraf" {drain, rPois rC++ Str-3
                  | Int+2} (You found it on level 2 of the Abyss)
    85 | Abyss:2  | Noticed an orc sorcerer
    86 | Abyss:2  | Noticed a sixfirhy
   136 | Abyss:3  | Noticed a large abomination
   137 | Abyss:3  | Lost mutation: You tend to lose your temper in combat.
                  | [potion of mutation]
   137 | Abyss:3  | Gained mutation: You are somewhat resistant to further
                  | mutation. [potion of mutation]
   137 | Abyss:3  | Gained mutation: You are weak. (Str -2) [potion of
                  | mutation]
   137 | Abyss:3  | Gained mutation: You are somewhat resistant to both further
                  | mutation and mutation removal. [potion of mutation]
   138 | Abyss:3  | Gained mutation: You are partially covered in iridescent
                  | scales. (AC +2) [potion of mutation]
   151 | Abyss:3  | Noticed a raiju
   153 | D:1      | Escaped the Abyss
   459 | D:1      | Reached XP level 2. HP: 22/26 MP: 3/3
   586 | D:1      | Reached * piety under Lugonu
   978 | D:2      | Reached XP level 3. HP: 24/31 MP: 4/4
  1625 | D:2      | Found a hide-covered altar of Uskayaw.
  1637 | D:2      | Reached skill level 1 in Dodging
  1729 | D:3      | Reached XP level 4. HP: 33/38 MP: 4/6
  1834 | D:3      | Reached ** piety under Lugonu
  2068 | D:3      | Found an ancient bone altar of Kikubaaqudgha.
  2078 | D:3      | Reached XP level 5. HP: 35/45 MP: 7/7
  2204 | D:3      | Found a sacrificial altar of Ru.
  2288 | D:3      | Noticed Terence
  2453 | D:3      | Killed Terence
  2620 | D:3      | Reached XP level 6. HP: 15/51 MP: 8/8
  2988 | D:3      | HP: 2/51 [poisoned by a kobold]
  2989 | D:3      | Succumbed to a kobold's poison

Skill      XL: |  1  2  3  4  5  6 |
---------------+-------------------+-----
Axes           | 2 3 |  3.7
Dodging        | 1 |  1.1
Armour         | 2 3 |  3.1
Invocations    | 3 |  3.4
Fighting       | |  3.5

Action                   |  1- 3 |  4- 6 || total
-------------------------+-------+-------++-------
Melee: Hand axe          |   102 |   115 ||   217
       Kick              |    14 |    16 ||    30
Invok: Depart the Abyss  |     1 |       ||     1
  Use: Potion            |     2 |     3 ||     5
       Scroll            |     2 |       ||     2
  Eat: Chunk             |     2 |     3 ||     5
Armor: Chain mail        |   107 |   138 ||   245
Dodge: Dodged            |    31 |    40 ||    71
